 Dungeon Crawl Stone Soup version 0.28-a0-850-g09de17f5b5 (webtiles) character file.

Game seed: 15212514164171597241

177 tatocazan the Skirmisher (level 5, 0/42 HPs)
             Began as a Demonspawn Fighter on Nov 13, 2021.
             Slain by a gnoll (3 damage)
             ... on level 4 of the Dungeon.
             The game lasted 00:04:21 (4004 turns).

tatocazan the Skirmisher (Demonspawn Fighter)       Turns: 4004, Time: 00:04:21

Health: 0/42       AC:  9    Str: 15    XL:     5   Next: 30%
Magic:  5/5        EV:  6    Int: 10    God:
Gold:   130        SH:  4    Dex: 12    Spells: 4/4 levels left

rFire   . . .      SeeInvis .   a - +0 war axe
rCold   . . .      Faith    .   c - +0 buckler
rNeg    . . .      Spirit   .   m - +0 chain mail
rPois   +          Reflect  .   (no helmet)
rElec   .          Harm     .   (no cloak)
rCorr   .          Rampage  .   (no gloves)
Will    .....                   (no boots)
Stlth   ..........              (no amulet)
HPRegen 0.14/turn               l - ring of poison resistance
MPRegen 0.09/turn               (no ring)

@: no status effects
A: demonic touch 1, weak 1
a: no special abilities


You were on level 4 of the Dungeon.
You visited 1 branch of the dungeon, and saw 4 of its levels.

You collected 130 gold pieces.

Inventory:

Hand Weapons
 a - a +0 war axe (weapon)
Missiles
 i - 7 atropa-tipped darts (quivered)
Armour
 b - a +0 scale mail
 c - a +0 buckler (worn)
 m - a +0 chain mail (worn)
Jewellery
 h - a +6 ring of intelligence
 l - a ring of poison resistance (left hand)
Wands
 o - a wand of flame (20)
Scrolls
 e - a scroll of enchant armour {unknown}
 g - 2 scrolls of vulnerability
 j - 2 scrolls of teleportation {unknown}
 k - 2 scrolls of fog
 n - a scroll of magic mapping
Potions
 d - a potion of might
 f - a potion of brilliance


   Skills:
 + Level 3.8 Fighting
 + Level 2.9 Axes
 + Level 3.6 Armour
 + Level 3.6 Shields


You had 4 spell levels left.
You didn't know any spells.
Your spell library contained the following spells:

 Spells                   Type           Power      Damage    Failure   Level
 Animate Skeleton         Necr           0%         N/A       100%        1
 Pain                     Necr           0%         1d4       100%        1
 Vampiric Draining        Necr           0%         2d6       100%        3
 Haunt                    Necr/Summ      0%         N/A       100%        7
 Borgnjor's Revivificati  Necr           0%         N/A       100%        8


Dungeon Overview and Level Annotations

Branches:
Dungeon (4/15)
 Temple: D:4-7

Altars:
Ru
Trog

Shops:
D:3 *


Innate Abilities, Weirdness & Mutations

Your touch may inflict minor irresistible damage on your foes.
You are weak. (Str -2)


Message History

A gnoll comes into view. It is wielding a +0 halberd.
The gnoll hits you with a +0 flail.
You take 2 damage, and have 39/42 hp.
You hit the gnoll.
The gnoll is moderately wounded.
You hit the gnoll but do no damage. The gnoll hits you with a +0 flail!
The gnoll hits you but does no damage.
You take 10 damage, and have 29/42 hp.
MASSIVE DAMAGE!!
You hit the gnoll.
The gnoll is severely wounded.
You hit the gnoll. The gnoll hits you but does no damage.
The gnoll throws a throwing net.
The throwing net hits you.
You become entangled in the net!
The gnoll hits you with a +0 flail. x2
You take 6 damage, and have 23/42 hp.
You are too injured to fight recklessly!
You are too injured to fight recklessly!
You are too injured to fight recklessly!
You struggle against the net.
The gnoll hits you with a +0 flail. The gnoll hits you but does no damage.
You take 2 damage, and have 21/42 hp.
You tear a large gash into the net.
The gnoll hits you but does no damage. x2
You struggle against the net.
The water moccasin skeleton bites you but does no damage.
The gnoll hits you with a +0 flail. x2
You take 7 damage, and have 14/42 hp.
You rip the net and break free!
The water moccasin skeleton bites you but does no damage.
The gnoll barely misses you. The gnoll hits you with a +0 flail.
* * * LOW HITPOINT WARNING * * *
The gnoll completely misses you.
You take 2 damage, and have 12/42 hp.
You block the gnoll's attack.
You slash the fungus!
The fungus begins to die.
The fungus is lightly damaged.
You hit the gnoll. You hit the gnoll but do no damage.
The gnoll hits you from afar with a +0 halberd!
* * * LOW HITPOINT WARNING * * *
The gnoll hits you but does no damage.
The gnoll hits you from afar with a +0 halberd.
You die... ####### ##PPPPP#

.#### #.P$$$P#
......##Z.$$$P#######
........g@$$$P......#
.......gg.PPPP#####.#
.........(...######.## #
........###..##......# #
.......####..##.###..#####
.......#........# #(......
.......#.##..#### ##.#####
.......# #..# #.####.
#...# ..... #......


You could see 3 gnolls and a water moccasin skeleton.

Vanquished Creatures
  A hound (D:4)
  Ijyb (D:3)
  4 gnolls
  2 adders
  A worm (D:3)
  3 ball pythons
  4 endoplasms
  A giant cockroach (D:1)
  11 goblins
  5 hobgoblins
  3 jackals (D:3)
  5 quokkas
  4 bats
  11 frilled lizards
  A kobold (D:1)
  8 rats
  2 toadstools (D:4)
67 creatures vanquished.

Vanquished Creatures (others)
  A fungus (D:4)
  2 plants (D:1)
3 creatures vanquished.

Grand Total: 70 creatures vanquished

Notes
Turn   | Place    | Note
-------+----------+-------------------------------------------
     0 | D:1      | tatocazan the Demonspawn Fighter began the quest for the
                  | Orb.
     0 | D:1      | Reached XP level 1. HP: 18/18 MP: 1/1
   648 | D:1      | Gained mutation: Your touch may inflict minor irresistible
                  | damage on your foes. [demonic ancestry]
   648 | D:1      | Reached XP level 2. HP: 23/24 MP: 2/2
  1208 | D:2      | Reached XP level 3. HP: 29/29 MP: 3/3
  1903 | D:2      | Found a bloodstained altar of Trog.
  2320 | D:2      | Reached XP level 4. HP: 25/35 MP: 4/4
  2886 | D:3      | Found a sacrificial altar of Ru.
  3169 | D:3      | Noticed Ijyb
  3180 | D:3      | Killed Ijyb
  3480 | D:3      | Found Gilut's Assorted Antiques.
  3484 | D:3      | Got the Compendium of Darkness
  3494 | D:3      | Gained mutation: You have an increased reservoir of magic.
                  | (+10% MP) [potion of mutation]
  3495 | D:3      | Lost mutation: You have an increased reservoir of magic.
                  | (+10% MP) [potion of mutation]
  3495 | D:3      | Gained mutation: Your magical capacity is low. (-10% MP)
                  | [potion of mutation]
  3495 | D:3      | Gained mutation: You are weak. (Str -2) [potion of
                  | mutation]
  3495 | D:3      | Lost mutation: Your magical capacity is low. (-10% MP)
                  | [potion of mutation]
  3572 | D:3      | Found a faded altar of an unknown god.
  3648 | D:3      | Reached XP level 5. HP: 42/42 MP: 5/5
  4004 | D:4      | Slain by a gnoll

Illustrated notes

Levels and vault maps discovered:
D:1:      lemuel_arrival_cross, layout_loops_ring, serial_park_tiny_pond,
          minmay_lizard_king
D:2:      layout_loops_ring, basic_altar
D:3:      kennysheep_goblin_castle, layout_rooms,
          nicolae_ru_sacrificial_ziggurat, serial_shops,
          nicolae_shop_statue_plus, dreamdust_ecumenical_altar_angels_and_demons
D:4:      layout_loops_ring, minmay_temple_entry_overgrown, serial_shops,
          nicolae_shop_temple_entry_statues_fountains, minmay_gold_behind_fungi,
          minmay_starry_boxes, uniq_pikel

Skill      XL: |  1  2 |
---------------+-------+-----
Axes           | 2 |  2.9
Armour         | 3 |  3.6
Shields        | 3 |  3.6
Fighting       | |  3.8

Action                   |  1- 3 |  4- 6 || total
-------------------------+-------+-------++-------
Melee: War axe           |   103 |    68 ||   171
Throw: Dart              |     3 |       ||     3
  Use: Potion            |     1 |     2 ||     3
       Scroll            |       |     5 ||     5
Armor: Scale mail        |    46 |     4 ||    50
       Chain mail        |       |    44 ||    44
Dodge: Dodged            |    73 |    33 ||   106
Block: Buckler           |    25 |    22 ||    47

Table legend: (Time is in decaauts)
 A = Elapsed time spent in this place.
 B = Non-inter-level travel time spent in this place.
 C = Inter-level travel time spent in this place.
 D = Time resting spent in this place.
 E = Time spent auto-exploring this place.
 F = Levels seen in this place.
 G = Mean time per level.
                   A        B        C        D        E       F      G
               +--------+--------+--------+--------+--------+-----+--------+
         Total |   4072 |   3920 |    152 |   1241 |   2148 |   4 | 1018.0 |
       Dungeon |   4072 |   3920 |    152 |   1241 |   2148 |   4 | 1018.0 |
               +--------+--------+--------+--------+--------+-----+--------+

Top non-repeatable levels by time:
     D:1: 1727 daAuts
     D:2: 1177 daAuts
     D:3: 1029 daAuts
     D:4: 138 daAuts
